[Event "POL-chT 1 Liga 2019"]
[Site "Dzwirzyno"]
[Date "2019.09.09"]
[Round "3.18"]
[White "Malicka, Maria"]
[Black "Jablonska, Sabina"]
[Result "1-0"]
[ECO "B06"]
[WhiteElo "2095"]
[BlackElo "1928"]
[Annotator "NA RC"]
[PlyCount "65"]
[EventDate "2019.09.07"]
[EventType "team-tourn"]
[EventCountry "POL"]
[SourceTitle "playchess.com"]
[Source "ChessBase"]
[SourceQuality "1"]
[TimeControl "40/5400+30:1800+30"]

1. e4 g6 2. d4 Bg7 3. Nc3 c5 4. d5 d6 5. Nf3 Nf6 6. Be2 Nbd7 7. O-O O-O 8. a4 a6 9. a5 b5 10. axb6 Nxb6 11. h3 Bb7 12. Be3 h6 13. Qd2 Kh7 14. Ra2 e6 15. dxe6 Nxe4 16. Nxe4 Bxe4 17. exf7 Rxf7 18. Rfa1 Bb7 19. Nh2 Qf8 20. c3 Nd5 21. Bxa6 Nxe3 22. Bxb7 Rxa2 23. Rxa2 Rxb7 24. Qxe3 Qg8 25. Ra6 Rxb2 26. Rxd6 Rb1+ 27. Nf1 Qc4 28. Rd3 Qa2 29. Rd7 Qa1 30. Qe5 Rxf1+ 31. Kh2 Rh1+ 32. Kg3 Rxh3+ 33. Kxh3 1-0

[Event "POL-chT 1 Liga 2019"]
[Site "Dzwirzyno"]
[Date "2019.09.09"]
[Round "3.27"]
[White "Szmacinski, Slawomir"]
[Black "Grabarczyk, Miroslaw"]
[Result "0-1"]
[ECO "A08"]
[WhiteElo "1848"]
[BlackElo "2374"]
[Annotator "RC"]
[PlyCount "88"]
[EventDate "2019.09.07"]
[EventType "team-tourn"]
[EventCountry "POL"]
[SourceTitle "playchess.com"]
[Source "ChessBase"]
[SourceQuality "1"]
[TimeControl "40/5400+30:1800+30"]

1. g3 d5 2. Nf3 c5 3. Bg2 Nc6 4. d4 Nf6 5. c3 e6 6. O-O Be7 7. Bg5 h6 8. Bf4 O-O 9. Ne5 Qb6 10. Nxc6 bxc6 11. b3 a5 12. dxc5 Bxc5 13. e3 Re8 14. Be5 Nd7 15. Bd4 Ba6 16. Re1 e5 17. Bxc5 Nxc5 18. Bf1 Re6 19. Bxa6 Qxa6 20. Qc2 Nd3 21. Rf1 e4 22. Nd2 Rf6 23. Kg2 Re8 24. Rad1 Qa7 25. Nb1 Re5 26. Rd2 Ref5 27. Re2 Rxf2+ 28. Rfxf2 Rxf2+ 29. Kg1 Rf3 30. Qd2 Ne5 31. Qd4 Rxg3+ 32. Kf2 Rf3+ 33. Ke1 Nd3+ 34. Kd2 Qe7 35. c4 dxc4 36. Qxc4 Qd6 37. Qd4 Qxd4 38. exd4 f5 39. Nc3 Nb4 40. Re3 Rxe3 41. Kxe3 Kf7 42. Kf4 Ke6 43. h4 Nd5+ 44. Nxd5 Kxd5 0-1

[Event "POL-chT 1 Liga 2019"]
[Site "Dzwirzyno"]
[Date "2019.09.09"]
[Round "3.30"]
[White "Kantane, Anna"]
[Black "Miturova, Magdalena"]
[Result "0-1"]
[ECO "C86"]
[WhiteElo "2273"]
[BlackElo "2219"]
[Annotator "RC"]
[PlyCount "116"]
[EventDate "2019.09.07"]
[EventType "team-tourn"]
[EventCountry "POL"]
[SourceTitle "playchess.com"]
[Source "ChessBase"]
[SourceQuality "1"]
[TimeControl "40/5400+30:1800+30"]

1. e4 e5 2. Nf3 Nc6 3. Bb5 a6 4. Ba4 Nf6 5. O-O Be7 6. Qe2 d6 7. c3 Bg4 8. d3 Nd7 9. Nbd2 Nc5 10. Bc2 Ne6 11. Nc4 Bg5 12. Ne3 Bh5 13. Bd1 h6 14. Qc2 Qf6 15. a4 Ne7 16. b4 Nf4 17. Ne1 Bxd1 18. Qxd1 h5 19. g3 Ne6 20. Ra2 Qh6 21. h4 Bxe3 22. Bxe3 g5 23. Ng2 Qg7 24. hxg5 Nxg5 25. f4 Nh3+ 26. Kh2 h4 27. g4 Nxf4 28. Nxf4 exf4 29. Bd4 Qh6 30. Bxh8 Qxh8 31. d4 Ng6 32. Rb2 Qf6 33. b5 a5 34. b6 c6 35. Qe2 Kf8 36. Qg2 Re8 37. Qf3 Qe6 38. Re1 Qc4 39. Rbe2 Re6 40. d5 Re5 41. dxc6 Qxc6 42. Rd1 Rc5 43. Rc2 Qxb6 44. Qd3 Rc6 45. Rf1 Qb3 46. Rff2 Qe6 47. Qd4 Rc4 48. Qb6 Qe5 49. Rf3 Rxe4 50. Rcf2 Kg7 51. Qxb7 Re3 52. c4 Re1 53. Qb2 Ra1 54. Qd2 Re1 55. Rg2 Kg8 56. Rgf2 Qa1 57. Rd3 Rh1+ 58. Kg2 Ne5 0-1

[Event "POL-chT 1 Liga 2019"]
[Site "Dzwirzyno"]
[Date "2019.09.12"]
[Round "6.2"]
[White "Godzwon, Iwo"]
[Black "Roubalik, Jakub"]
[Result "1/2-1/2"]
[ECO "A26"]
[WhiteElo "2265"]
[BlackElo "2405"]
[Annotator "NA"]
[PlyCount "70"]
[EventDate "2019.09.07"]
[EventType "team-tourn"]
[EventCountry "POL"]
[SourceTitle "playchess.com"]
[Source "ChessBase"]
[SourceQuality "1"]
[TimeControl "40/5400+30:1800+30"]

1. c4 e5 2. g3 Nc6 3. Bg2 g6 4. Nc3 Bg7 5. d3 d6 6. e3 Nge7 7. Nge2 Be6 8. Nd5 O-O 9. O-O Qd7 10. Rb1 Nd8 11. b4 Nxd5 12. cxd5 Bh3 13. Bxh3 Qxh3 14. b5 c6 15. bxc6 bxc6 16. dxc6 Nxc6 17. Ba3 Rfd8 18. Qa4 Qd7 19. Kg2 Rac8 20. Rfc1 Qe6 21. Rb2 h5 22. Rbc2 Ne7 23. Rxc8 Rxc8 24. Qxa7 Qd5+ 25. Kf1 Qxd3 26. Qxe7 Rxc1+ 27. Bxc1 Qd1+ 28. Kg2 Qxe2 29. Qxd6 Qxa2 30. Ba3 Qc4 31. Qd8+ Kh7 32. Bf8 Qc6+ 33. Kg1 Qc1+ 34. Kg2 Qc6+ 35. Kg1 Qc1+ 1/2-1/2

[Event "POL-chT 1 Liga 2019"]
[Site "Dzwirzyno"]
[Date "2019.09.12"]
[Round "6.3"]
[White "Paszewski, Mateusz"]
[Black "Tofil, Borys"]
[Result "1-0"]
[ECO "A10"]
[WhiteElo "2297"]
[BlackElo "2202"]
[Annotator "NA"]
[PlyCount "91"]
[EventDate "2019.09.07"]
[EventType "team-tourn"]
[EventCountry "POL"]
[SourceTitle "playchess.com"]
[Source "ChessBase"]
[SourceQuality "1"]
[TimeControl "40/5400+30:1800+30"]

1. c4 d6 2. g3 g6 3. Bg2 Bg7 4. Nc3 e5 5. d3 Ne7 6. e4 Nbc6 7. Nge2 Be6 8. Nd5 Qd7 9. Bg5 Ng8 10. Qd2 f6 11. Be3 Nce7 12. d4 c6 13. Nxe7 Nxe7 14. d5 Bf7 15. O-O O-O 16. Rac1 c5 17. Nc3 Kh8 18. a3 f5 19. Bh3 Qd8 20. b4 b6 21. bxc5 dxc5 22. Bg5 Qd7 23. Bxe7 Qxe7 24. exf5 gxf5 25. Bxf5 Qf6 26. Qd3 Bxd5 27. Nxd5 Qxf5 28. Qxf5 Rxf5 29. f3 Re8 30. Rce1 Kg8 31. Kg2 Rf7 32. a4 Kf8 33. Re4 Rb8 34. Rd1 Rd8 35. Re3 Rfd7 36. Rb1 Re8 37. h4 Rf7 38. g4 Rd7 39. Kg3 Rf7 40. g5 h6 41. g6 Rd7 42. h5 Rd6 43. Kg4 Ree6 44. Rbe1 a6 45. f4 b5 46. f5 1-0

[Event "POL-chT 1 Liga 2019"]
[Site "Dzwirzyno"]
[Date "2019.09.12"]
[Round "6.4"]
[White "Kowalski, Maciej"]
[Black "Ciesla, Adam"]
[Result "0-1"]
[ECO "A04"]
[WhiteElo "2095"]
[BlackElo "2273"]
[Annotator "NA"]
[PlyCount "110"]
[EventDate "2019.09.07"]
[EventType "team-tourn"]
[EventCountry "POL"]
[SourceTitle "playchess.com"]
[Source "ChessBase"]
[SourceQuality "1"]
[TimeControl "40/5400+30:1800+30"]

1. Nf3 g6 2. g3 Bg7 3. Bg2 e5 4. d3 f5 5. c3 d5 6. e4 dxe4 7. dxe4 Qxd1+ 8. Kxd1 Nf6 9. Nbd2 O-O 10. exf5 Nc6 11. fxg6 hxg6 12. h3 Bf5 13. Ng5 Rad8 14. Ke1 e4 15. Nc4 Bh6 16. g4 e3 17. gxf5 Bxg5 18. Bxe3 Bxe3 19. Nxe3 Ne5 20. Rg1 gxf5 21. Nxf5 Kh8 22. Nd4 Rd6 23. b4 b6 24. b5 Nh5 25. Be4 Nf4 26. Rg5 Re8 27. Kf1 Rh6 28. Re1 Nc4 29. Nb3 Rxh3 30. Rg3 Rh4 31. Bc6 Rf8 32. Re4 Nd6 33. Ra4 Nf5 34. Rg5 Ne3+ 35. fxe3 Ne6+ 36. Ke1 Rxa4 37. Rg2 Rh4 38. Kd2 Rd8+ 39. Kc2 Rh3 40. Re2 Rd6 41. Nd4 Nc5 42. Nf5 Re6 43. e4 Re5 44. Bd5 Nd3 45. Rd2 Nc5 46. Re2 Nd3 47. Rd2 Nf4 48. Bc6 Rc5 49. Rd8+ Kh7 50. Rd7+ Kg6 51. Rxc7 Rhxc3+ 52. Kb1 Rc1+ 53. Kb2 Nd3+ 54. Kb3 R1c3+ 55. Ka4 R5c4# 0-1

[Event "POL-chT 1 Liga 2019"]
[Site "Dzwirzyno"]
[Date "2019.09.12"]
[Round "6.5"]
[White "Tomaszewski, Roman"]
[Black "Rogala, Milosz"]
[Result "1-0"]
[ECO "A03"]
[WhiteElo "2195"]
[BlackElo "1788"]
[Annotator "NA"]
[PlyCount "79"]
[EventDate "2019.09.07"]
[EventType "team-tourn"]
[EventCountry "POL"]
[SourceTitle "playchess.com"]
[Source "ChessBase"]
[SourceQuality "1"]
[TimeControl "40/5400+30:1800+30"]

1. f4 d5 2. Nf3 Nf6 3. g3 c5 4. Bg2 Nc6 5. O-O e6 6. d3 Bd6 7. Nc3 a6 8. e4 dxe4 9. dxe4 e5 10. fxe5 Nxe5 11. Bf4 Qc7 12. Nxe5 Bxe5 13. Nd5 Nxd5 14. exd5 Bxf4 15. Rxf4 O-O 16. d6 Qd8 17. Bd5 Be6 18. Bxe6 fxe6 19. Rxf8+ Qxf8 20. Qd2 Rd8 21. d7 Qf6 22. c3 Qh6 23. Qf2 Rxd7 24. Rf1 Qf6 25. Qxf6 gxf6 26. Rxf6 Rd2 27. Rf2 Rd1+ 28. Kg2 Kg7 29. a3 Re1 30. Kh3 Re4 31. Rd2 b5 32. Rd7+ Kg6 33. Ra7 Re2 34. b4 c4 35. Rxa6 Re3 36. Kh4 Rxc3 37. Rxe6+ Kg7 38. Kg5 Rxa3 39. Re7+ Kg8 40. Rb7 1-0

[Event "POL-chT 1 Liga 2019"]
[Site "Dzwirzyno"]
[Date "2019.09.12"]
[Round "6.6"]
[White "Gosciniak, Maria"]
[Black "Lach, Aleksandra"]
[Result "0-1"]
[ECO "C10"]
[WhiteElo "2132"]
[BlackElo "2173"]
[Annotator "NA"]
[PlyCount "142"]
[EventDate "2019.09.07"]
[EventType "team-tourn"]
[EventCountry "POL"]
[SourceTitle "playchess.com"]
[Source "ChessBase"]
[SourceQuality "1"]
[TimeControl "40/5400+30:1800+30"]

1. e4 e6 2. d4 d5 3. Nc3 dxe4 4. Nxe4 Nd7 5. Nf3 Ngf6 6. Nxf6+ Nxf6 7. c3 c5 8. Bg5 cxd4 9. Bb5+ Bd7 10. Bxd7+ Qxd7 11. Bxf6 gxf6 12. Qxd4 Qxd4 13. Nxd4 Bc5 14. Nb3 Bb6 15. a4 a5 16. O-O Rc8 17. Nd2 Ke7 18. Rfd1 Rhd8 19. Nf3 e5 20. Nd2 f5 21. Kf1 f6 22. Rac1 Rd3 23. Nb1 Rxd1+ 24. Rxd1 Rc4 25. b3 Rf4 26. Rd2 Rh4 27. h3 e4 28. Re2 Bc5 29. Nd2 Kd7 30. Nc4 b6 31. Rd2+ Kc7 32. Ne3 Bxe3 33. fxe3 f4 34. Kf2 f3 35. Kg3 fxg2 36. Rxg2 Rh5 37. Rf2 Rg5+ 38. Kf4 Re5 39. Rg2 Kc6 40. Rg7 Rh5 41. Kxe4 Rh4+ 42. Kd3 Rxh3 43. Rf7 Rh6 44. Kd4 b5 45. axb5+ Kxb5 46. e4 Kc6 47. c4 Kb6 48. Kd5 Rh5+ 49. Kd6 Rh3 50. c5+ Ka6 51. Kc7 Rxb3 52. Rxf6+ Ka7 53. c6 Re3 54. Kd7 Rc3 55. Kc8 a4 56. Rf7+ Ka6 57. c7 a3 58. Rxh7 a2 59. Rh6+ Ka7 60. Rh1 Kb6 61. Ra1 Rxc7+ 62. Kd8 Ra7 63. Kc8 Kc5 64. Kb8 Ra3 65. Kb7 Kd4 66. Kc6 Kxe4 67. Kc5 Kd3 68. Kb4 Ra8 69. Kb3 Rb8+ 70. Ka3 Kc2 71. Rxa2+ Kc3 0-1

[Event "POL-chT 1 Liga 2019"]
[Site "Dzwirzyno"]
[Date "2019.09.12"]
[Round "6.7"]
[White "Klekowski, Maciej"]
[Black "Golubka, Petro"]
[Result "1/2-1/2"]
[ECO "A22"]
[WhiteElo "2473"]
[BlackElo "2479"]
[Annotator "ChessBase"]
[PlyCount "96"]
[EventDate "2019.09.07"]
[EventType "team-tourn"]
[EventCountry "POL"]
[SourceTitle "playchess.com"]
[Source "ChessBase"]
[SourceQuality "1"]
[TimeControl "40/5400+30:1800+30"]

1. c4 e5 2. g3 Nf6 3. Nc3 Bb4 4. Bg2 O-O 5. Nf3 Nc6 6. O-O Re8 7. d3 h6 8. Nd5 a5 9. e3 Bf8 10. e4 Bc5 11. Ne3 d6 12. h3 a4 13. Kh2 Bd7 14. Bd2 Nd4 15. Nc2 Nxf3+ 16. Qxf3 b5 17. b4 axb3 18. axb3 bxc4 19. dxc4 Bc6 20. Qe2 Bb6 21. Bc3 Bb7 22. b4 Rxa1 23. Rxa1 Qd7 24. Rd1 Qe6 25. Ra1 h5 26. b5 g6 27. Nb4 h4 28. Nd5 hxg3+ 29. fxg3 Bxd5 30. cxd5 Qe7 31. Bd2 Nh5 32. h4 Bd4 33. Ra3 Bc5 34. Ra1 Bd4 35. Ra3 Bc5 36. Ra4 Kg7 37. Bh3 Rb8 38. Ra5 Qe8 39. Kg2 Ra8 40. Bg4 Nf6 41. Bf3 Rxa5 42. Bxa5 Bb6 43. Bd2 Qa8 44. h5 gxh5 45. Bg5 Qa1 46. Bxf6+ Kxf6 47. Bxh5 Qg1+ 48. Kh3 Qf2 1/2-1/2

[Event "POL-chT 1 Liga 2019"]
[Site "Dzwirzyno"]
[Date "2019.09.12"]
[Round "6.8"]
[White "Kislinsky, Alexey"]
[Black "Barski, Radoslaw"]
[Result "0-1"]
[ECO "B23"]
[WhiteElo "2436"]
[BlackElo "2425"]
[Annotator "NA"]
[PlyCount "100"]
[EventDate "2019.09.07"]
[EventType "team-tourn"]
[EventCountry "POL"]
[SourceTitle "playchess.com"]
[Source "ChessBase"]
[SourceQuality "1"]
[TimeControl "40/5400+30:1800+30"]

1. e4 c5 2. Nc3 a6 3. g3 b5 4. Bg2 Bb7 5. d3 e6 6. Nh3 Nf6 7. O-O b4 8. Ne2 d5 9. e5 Nfd7 10. f4 Be7 11. c4 Nb6 12. Be3 Nc6 13. Rc1 O-O 14. Nf2 Qd7 15. g4 Rfd8 16. b3 a5 17. g5 a4 18. Ng3 axb3 19. axb3 dxc4 20. bxc4 Ra2 21. Qh5 Nd4 22. Bxb7 Qxb7 23. Bxd4 Rxd4 24. f5 g6 25. fxg6 hxg6 26. Qh3 Bxg5 27. Nge4 Qe7 28. Ng4 Nd7 29. Ra1 b3 30. Rxa2 bxa2 31. Ra1 Nf8 32. Rxa2 Qb7 33. Rf2 Nh7 34. Qf3 Qe7 35. Rb2 Kg7 36. Kg2 Bh4 37. h3 Bg5 38. Rb5 Qd8 39. Rb7 Be7 40. Qe3 Bg5 41. Qf2 Be7 42. Qf4 g5 43. Qf1 Rd7 44. Rb2 Rxd3 45. Rf2 Qd4 46. Rxf7+ Kg6 47. Rf3 Rd1 48. Qf2 Qxe4 49. Kh2 Qe1 50. Qc2+ Kg7 0-1

[Event "POL-chT 1 Liga 2019"]
[Site "Dzwirzyno"]
[Date "2019.09.12"]
[Round "6.9"]
[White "Kosakowski, Jakub"]
[Black "Grabarczyk, Miroslaw"]
[Result "1/2-1/2"]
[ECO "C42"]
[WhiteElo "2411"]
[BlackElo "2374"]
[Annotator "NA"]
[PlyCount "65"]
[EventDate "2019.09.07"]
[EventType "team-tourn"]
[EventCountry "POL"]
[SourceTitle "playchess.com"]
[Source "ChessBase"]
[SourceQuality "1"]
[TimeControl "40/5400+30:1800+30"]

1. e4 e5 2. Nf3 Nf6 3. Nxe5 d6 4. Nc4 Nxe4 5. Qe2 Qe7 6. Ne3 c6 7. b3 Nf6 8. Bb2 Be6 9. g3 g6 10. Bg2 Bg7 11. O-O O-O 12. c4 Na6 13. Nc3 Qd7 14. d4 d5 15. cxd5 Nxd5 16. Ncxd5 cxd5 17. Rac1 Rad8 18. Qd2 Nb8 19. Rc5 b6 20. Rc2 Nc6 21. Rfc1 Rc8 22. Bf1 Qb7 23. Bb5 Nb8 24. Be2 Rxc2 25. Rxc2 Rc8 26. Bf3 Rxc2 27. Qxc2 Qc6 28. Qe2 Bf8 29. h4 Qd7 30. Bg2 Nc6 31. Qb5 Bg7 32. Nxd5 Nxd4 33. Qxd7 1/2-1/2

[Event "POL-chT 1 Liga 2019"]
[Site "Dzwirzyno"]
[Date "2019.09.12"]
[Round "6.10"]
[White "Sabuk, Piotr"]
[Black "Walter, Szymon"]
[Result "0-1"]
[ECO "E12"]
[WhiteElo "2397"]
[BlackElo "2311"]
[Annotator "NA"]
[PlyCount "68"]
[EventDate "2019.09.07"]
[EventType "team-tourn"]
[EventCountry "POL"]
[SourceTitle "playchess.com"]
[Source "ChessBase"]
[SourceQuality "1"]
[TimeControl "40/5400+30:1800+30"]

1. d4 Nf6 2. c4 e6 3. Nf3 b6 4. a3 Bb7 5. Bf4 Be7 6. Nc3 d5 7. cxd5 exd5 8. g3 O-O 9. Bg2 Bd6 10. Ne5 Qe7 11. O-O Nbd7 12. Nxd7 Qxd7 13. Bxd6 Qxd6 14. Rc1 a6 15. Qc2 Rfe8 16. e3 Re7 17. Ne2 Rae8 18. Qf5 Ne4 19. Rc2 c5 20. dxc5 bxc5 21. Rd1 Re5 22. Qf4 g5 23. Qg4 Bc8 24. Qh5 Nf6 25. Qh6 Qe7 26. b4 Ng4 27. Qb6 Rxe3 28. Bf1 Bf5 29. Rcd2 Nxf2 30. Kxf2 Rf3+ 31. Kxf3 Qe3+ 32. Kg2 Be4+ 33. Kh3 Qf3 34. Qh6 Bf5# 0-1

[Event "POL-chT 1 Liga 2019"]
[Site "Dzwirzyno"]
[Date "2019.09.12"]
[Round "6.11"]
[White "Dzierzak, Radoslaw"]
[Black "Kucza, Karol"]
[Result "1-0"]
[ECO "C42"]
[WhiteElo "2253"]
[BlackElo "2280"]
[Annotator "NA"]
[PlyCount "53"]
[EventDate "2019.09.07"]
[EventType "team-tourn"]
[EventCountry "POL"]
[SourceTitle "playchess.com"]
[Source "ChessBase"]
[SourceQuality "1"]
[TimeControl "40/5400+30:1800+30"]

1. e4 e5 2. Nf3 Nf6 3. Nxe5 d6 4. Nf3 Nxe4 5. Nc3 Nxc3 6. dxc3 Be7 7. Be3 Nd7 8. Qd2 O-O 9. O-O-O Nf6 10. Bd3 c5 11. Kb1 Qa5 12. c4 Qxd2 13. Rxd2 b6 14. Re1 Re8 15. Rde2 Bf8 16. Bg5 Rxe2 17. Rxe2 Nd7 18. Be4 Rb8 19. Bc6 f6 20. Bd5+ Kh8 21. Re8 fxg5 22. Nxg5 Ba6 23. Nf7+ Kg8 24. Nxd6+ Kh8 25. Nf7+ Kg8 26. Nd8+ Kh8 27. Be6 1-0

[Event "POL-chT 1 Liga 2019"]
[Site "Dzwirzyno"]
[Date "2019.09.12"]
[Round "6.12"]
[White "Kantane, Anna"]
[Black "Malicka, Maria"]
[Result "1-0"]
[ECO "C47"]
[WhiteElo "2273"]
[BlackElo "2095"]
[Annotator "NA"]
[PlyCount "91"]
[EventDate "2019.09.07"]
[EventType "team-tourn"]
[EventCountry "POL"]
[SourceTitle "playchess.com"]
[Source "ChessBase"]
[SourceQuality "1"]
[TimeControl "40/5400+30:1800+30"]

1. e4 e5 2. Nf3 Nc6 3. Nc3 Nf6 4. d4 exd4 5. Nxd4 Bb4 6. Nxc6 bxc6 7. Qd4 Qe7 8. f3 c5 9. Qf2 O-O 10. Bd2 d5 11. a3 Bxc3 12. Bxc3 dxe4 13. O-O-O Bb7 14. Qg3 Rad8 15. Bc4 exf3 16. Bd3 Rd6 17. Rhe1 Re6 18. gxf3 Rd8 19. Qh4 Re8 20. Bxf6 Qxf6 21. Qxh7+ Kf8 22. Rxe6 Rxe6 23. Qh8+ Ke7 24. Qb8 Qf4+ 25. Kb1 Bxf3 26. Rf1 Rb6 27. Qxa7 Qe5 28. b3 Bb7 29. Qa5 Kf8 30. Rf5 Qd6 31. Qxc5 Qxc5 32. Rxc5 Rc6 33. Rxc6 Bxc6 34. Kb2 Ke7 35. Kc3 Kd6 36. Kd4 Bd7 37. b4 f5 38. c4 g5 39. c5+ Ke6 40. b5 f4 41. c6 Bc8 42. a4 Kd6 43. a5 g4 44. Be4 f3 45. a6 f2 46. Bg2 {[%emt 0:00:09] Kd5+ Ke4+} 1-0

[Event "POL-chT 1 Liga 2019"]
[Site "Dzwirzyno"]
[Date "2019.09.12"]
[Round "6.13"]
[White "Kolago, Marcin"]
[Black "Sopur, Lech"]
[Result "1/2-1/2"]
[ECO "C68"]
[WhiteElo "2340"]
[BlackElo "2417"]
[Annotator "NA"]
[PlyCount "78"]
[EventDate "2019.09.07"]
[EventType "team-tourn"]
[EventCountry "POL"]
[SourceTitle "playchess.com"]
[Source "ChessBase"]
[SourceQuality "1"]
[TimeControl "40/5400+30:1800+30"]

1. e4 e5 2. Nf3 Nc6 3. Bb5 a6 4. Bxc6 dxc6 5. Nc3 f6 6. d4 Bg4 7. dxe5 Qxd1+ 8. Nxd1 Bxf3 9. gxf3 fxe5 10. Ne3 Bd6 11. h4 Nf6 12. h5 Kf7 13. Ng4 Ke6 14. Be3 Nxg4 15. fxg4 Rhf8 16. Ke2 Rf7 17. Rh3 Raf8 18. Rg1 Bb4 19. g5 Rd7 20. g6 h6 21. Rd1 Rd6 22. Rd3 Rxd3 23. cxd3 Be7 24. d4 Bf6 25. dxe5 Kxe5 26. f3 Rd8 27. Rh1 b6 28. Rd1 Rd6 29. Rd3 c5 30. b3 Ke6 31. f4 Bd4 32. Kf3 Bxe3 33. Kxe3 Rxd3+ 34. Kxd3 b5 35. Ke3 a5 36. Kd3 Kf6 37. Ke3 Ke6 38. Kd3 Kf6 39. Ke3 {Kf5 e5 Kg4 Kd3 Kf5 Ke4+} Ke6 1/2-1/2

[Event "POL-chT 1 Liga 2019"]
[Site "Dzwirzyno"]
[Date "2019.09.12"]
[Round "6.15"]
[White "Rawicz, Karol"]
[Black "Szmacinski, Slawomir"]
[Result "1-0"]
[ECO "B20"]
[WhiteElo "2200"]
[BlackElo "1848"]
[Annotator "NA"]
[PlyCount "53"]
[EventDate "2019.09.07"]
[EventType "team-tourn"]
[EventCountry "POL"]
[SourceTitle "playchess.com"]
[Source "ChessBase"]
[SourceQuality "1"]
[TimeControl "40/5400+30:1800+30"]

1. e4 c5 2. Ne2 d6 3. c4 Nf6 4. Nbc3 Nc6 5. d4 cxd4 6. Nxd4 e5 7. Nc2 Be6 8. Be2 Be7 9. O-O O-O 10. Be3 Rc8 11. f3 b6 12. Qd2 h6 13. Rfd1 Ne8 14. b3 Qc7 15. Rac1 Qb8 16. Nd5 Bd8 17. Kh1 Ne7 18. Ncb4 a5 19. Nxe7+ Bxe7 20. Nd5 Bd8 21. a3 Qb7 22. b4 Bxd5 23. cxd5 Nf6 24. Bb5 Bc7 25. Rc6 Bd8 26. bxa5 bxa5 27. Ba6 1-0

[Event "POL-chT 1 Liga 2019"]
[Site "Dzwirzyno"]
[Date "2019.09.12"]
[Round "6.16"]
[White "Redlich, Bogdan"]
[Black "Jaroch, Karol"]
[Result "0-1"]
[ECO "E16"]
[WhiteElo "1600"]
[BlackElo "2236"]
[Annotator "NA"]
[PlyCount "60"]
[EventDate "2019.09.07"]
[EventType "team-tourn"]
[EventCountry "POL"]
[SourceTitle "playchess.com"]
[Source "ChessBase"]
[SourceQuality "1"]
[TimeControl "40/5400+30:1800+30"]

1. d4 e6 2. Nf3 Nf6 3. c4 b6 4. g3 Bb7 5. Bg2 Bb4+ 6. Bd2 a5 7. O-O O-O 8. Nc3 d6 9. Rc1 Nbd7 10. a3 Bxc3 11. Bxc3 Ne4 12. Nd2 Nxd2 13. Qxd2 Bxg2 14. Kxg2 f5 15. b4 axb4 16. axb4 Nf6 17. d5 e5 18. f3 Qd7 19. Ra1 Ra4 20. Qc2 Rfa8 21. Rxa4 Rxa4 22. Ra1 Rxa1 23. Bxa1 b5 24. h3 h5 25. f4 bxc4 26. fxe5 dxe5 27. Qxc4 Qd6 28. Bxe5 Qxe5 29. d6+ Kh7 30. dxc7 Ne4 0-1

[Event "POL-chT 1 Liga 2019"]
[Site "Dzwirzyno"]
[Date "2019.09.12"]
[Round "6.17"]
[White "Samborski, Henryk"]
[Black "Kelm, Robert"]
[Result "1-0"]
[ECO "A37"]
[WhiteElo "2098"]
[BlackElo "1585"]
[Annotator "NA"]
[PlyCount "71"]
[EventDate "2019.09.07"]
[EventType "team-tourn"]
[EventCountry "POL"]
[SourceTitle "playchess.com"]
[Source "ChessBase"]
[SourceQuality "1"]
[TimeControl "40/5400+30:1800+30"]

1. c4 c5 2. Nc3 Nc6 3. g3 g6 4. Bg2 Bg7 5. Nf3 e6 6. O-O Nge7 7. d3 d5 8. cxd5 Nxd5 9. Bd2 O-O 10. Qc1 Re8 11. Re1 b6 12. Bg5 f6 13. Bh6 Bb7 14. h4 Bh8 15. Qd2 Nde7 16. Qd1 Nf5 17. Bd2 Qd7 18. Ne4 Nfd4 19. Bc3 f5 20. Ned2 Rad8 21. Rc1 a5 22. a4 Nxf3+ 23. Bxf3 Ne5 24. Bxe5 Bxe5 25. Nc4 Bd4 26. e3 Bxf3 27. Qxf3 Bf6 28. Nxb6 Qxd3 29. Red1 Qb3 30. Rxd8 Rxd8 31. Qc6 Rb8 32. Nd7 Bxb2 33. Nxb8 Bxc1 34. Qe8+ Kg7 35. Nd7 e5 36. Qf8# 1-0

[Event "POL-chT 1 Liga 2019"]
[Site "Dzwirzyno"]
[Date "2019.09.12"]
[Round "6.18"]
[White "Miturova, Magdalena"]
[Black "Worek, Joanna"]
[Result "0-1"]
[ECO "A06"]
[WhiteElo "2219"]
[BlackElo "2308"]
[Annotator "NA"]
[PlyCount "52"]
[EventDate "2019.09.07"]
[EventType "team-tourn"]
[EventCountry "POL"]
[SourceTitle "playchess.com"]
[Source "ChessBase"]
[SourceQuality "1"]
[TimeControl "40/5400+30:1800+30"]

1. Nf3 d5 2. g3 Nf6 3. Bg2 Bg4 4. c4 c6 5. O-O e6 6. d3 Be7 7. cxd5 exd5 8. Qb3 Qb6 9. Qc2 O-O 10. Be3 Qd8 11. Qb3 Bxf3 12. Bxf3 Qd7 13. Nd2 Na6 14. Rac1 h6 15. Bd4 Rfe8 16. Rfd1 Nh7 17. Bg2 Bf8 18. Nf3 Ng5 19. Nxg5 hxg5 20. e4 Red8 21. exd5 cxd5 22. Re1 Qg4 23. Be3 d4 24. h3 Qf5 25. Bd2 Nc5 26. Qc4 Nxd3 0-1

[Event "POL-chT 1 Liga 2019"]
[Site "Dzwirzyno"]
[Date "2019.09.12"]
[Round "6.19"]
[White "Antoniewski, Rafal"]
[Black "Chylewski, Patryk"]
[Result "1/2-1/2"]
[ECO "B10"]
[WhiteElo "2497"]
[BlackElo "2342"]
[Annotator "ChessBase"]
[PlyCount "51"]
[EventDate "2019.09.07"]
[EventType "team-tourn"]
[EventCountry "POL"]
[SourceTitle "playchess.com"]
[Source "ChessBase"]
[SourceQuality "1"]
[TimeControl "40/5400+30:1800+30"]

1. e4 c6 2. Nf3 d5 3. Nc3 Nf6 4. e5 Ne4 5. Ne2 Qb6 6. d4 e6 7. Ng3 Nxg3 8. hxg3 c5 9. dxc5 Bxc5 10. Qd2 Nc6 11. Bd3 Bd7 12. a3 a5 13. O-O h6 14. c4 dxc4 15. Bxc4 Rd8 16. Qe2 Nd4 17. Nxd4 Bxd4 18. Rb1 Qc5 19. b4 axb4 20. Rxb4 Bc6 21. Bb2 O-O 22. Rc1 Bxb2 23. Qxb2 Qd4 24. Be2 Qxb2 25. Rxb2 Ra8 26. Rc3 1/2-1/2

[Event "POL-chT 1 Liga 2019"]
[Site "Dzwirzyno"]
[Date "2019.09.12"]
[Round "6.20"]
[White "Kowalski, Igor"]
[Black "Cyborowski, Lukasz"]
[Result "1/2-1/2"]
[ECO "D45"]
[WhiteElo "2364"]
[BlackElo "2509"]
[Annotator "ChessBase"]
[PlyCount "21"]
[EventDate "2019.09.07"]
[EventType "team-tourn"]
[EventCountry "POL"]
[SourceTitle "playchess.com"]
[Source "ChessBase"]
[SourceQuality "1"]
[TimeControl "40/5400+30:1800+30"]

1. d4 Nf6 2. c4 e6 3. Nf3 d5 4. Nc3 c6 5. e3 Nbd7 6. Qc2 Bd6 7. b3 O-O 8. Bb2 b6 9. Rd1 Bb7 10. Be2 Qe7 11. O-O 1/2-1/2

[Event "POL-chT 1 Liga 2019"]
[Site "Dzwirzyno"]
[Date "2019.09.12"]
[Round "6.21"]
[White "Nurkiewicz, Maciej"]
[Black "Nowak, Lukasz"]
[Result "1-0"]
[ECO "E97"]
[WhiteElo "2334"]
[BlackElo "2270"]
[Annotator "NA"]
[PlyCount "51"]
[EventDate "2019.09.07"]
[EventType "team-tourn"]
[EventCountry "POL"]
[SourceTitle "playchess.com"]
[Source "ChessBase"]
[SourceQuality "1"]
[TimeControl "40/5400+30:1800+30"]

1. d4 Nf6 2. c4 g6 3. Nc3 Bg7 4. e4 d6 5. Nf3 O-O 6. Be2 e5 7. O-O Nc6 8. d5 Ne7 9. b4 a5 10. Ba3 axb4 11. Bxb4 Re8 12. a4 Bf8 13. Qd3 c5 14. dxc6 Nxc6 15. Ba3 Bg4 16. Rfd1 Bxf3 17. Bxf3 Nd4 18. Nb5 Rxa4 19. Nxd4 exd4 20. Qxd4 Bg7 21. e5 Nd7 22. Bxd6 Ra8 23. Bxb7 Rxa1 24. Qxa1 Qb6 25. Rb1 Qd8 26. f4 1-0